Map: Blood Boil LE

Players

Yata

  • Race: Zerg Zerg
  • League: Silver
  • Spawn Location: 5:00

A.I. 1 (Hard) - Winner!

  • Race: Protoss Protoss
  • Spawn Location: 11:00

VOD

Have the link to the VOD?

Description

Time

  • Played on: July 11, 2017, 5:54 p.m.
  • Length: 21:56
Show
View Real Time Build Order
Export as new Build Order

Yata Zerg 

Build Orders: Hatch First, Lurkers 

Get SALT Encoding   

  12  0:00  Unknown  
  12  0:01  Drone  
  13  0:09  Drone  
  14  0:17  Overlord  
  14  0:48  Drone x2  
  14  0:49  Drone  
  17  1:06  Drone  
  17  1:09  Hatchery, Extractor  
  16  1:19  Spawning Pool  
  15  1:26  Drone x2  
  17  1:35  Drone  
  18  1:43  Drone  
  19  1:53  Overlord  
  19  2:08  Queen  
  19  2:11  Metabolic Boost  
  21  2:27  Queen  
  23  2:30  Drone  
  23  2:31  Drone x3  
  27  2:50  Drone x3  
  30  2:55  Overlord  
  30  3:01  Drone  
  31  3:20  Drone x4  
  31  3:21  Drone  
  31  3:22  Drone x2  
  38  3:35  Zergling x4  
  40  3:42  Hatchery  
  40  3:45  Extractor  
  38  3:49  Queen  
  38  3:52  Overlord  
  40  3:59  Lair  
  40  5:02  Hydralisk Den  
  39  5:13  Extractor  
  39  5:14  Extractor  
  37  5:17  Zergling x2  
  37  5:18  Zergling x22  
  49  5:36  Baneling Nest  
  43  5:47  Zergling x10  
  39  6:09  Zergling x2, Hydralisk  
  39  6:10  Hydralisk x9  
  57  6:14  Queen  
  46  6:45  Hydralisk x8  
  46  6:46  Hydralisk  
  48  7:08  Lurker Den  
  46  7:14  Evolution Chamber  
  45  7:21  Pneumatized Carapace  
  45  7:38  Queen  
  45  7:40  Queen  
  45  7:43  Overlord x3  
  49  7:50  Hatchery  
  48  7:54  Zerg Missile Weapons Level 1  
  48  8:05  Drone  
  49  8:06  Drone x4  
  53  8:33  Overseer  
  53  8:36  Hydralisk x2  
  53  8:39  Overseer  
  57  9:16  Lurker  
  57  9:17  Lurker x4  
  55  9:51  Hydralisk x6  
  61  10:00  Drone x2  
  63  10:24  Muscular Augments  
  63  10:26  Drone  
  64  11:09  Overlord x3  
  64  11:26  Queen  
  66  11:37  Hydralisk  
  66  11:38  Hydralisk x6  
  80  12:20  Overlord x2  
  80  12:21  Overlord x2  
  73  13:10  Hydralisk x7  
  73  13:11  Hydralisk x4  
  95  13:19  Lurker x2  
  97  13:21  Lurker  
  98  13:30  Drone x2  
  98  13:31  Drone  
  70  14:14  Hydralisk  
  70  14:15  Hydralisk x6  
  75  14:24  Lurker  
  75  14:25  Lurker x4  
  75  14:27  Lurker  
  81  14:53  Drone  
  81  14:54  Drone x10  
  92  15:02  Zerg Missile Weapons Level 2  
  92  15:11  Hydralisk  
  92  15:12  Hydralisk  
  96  15:30  Hydralisk x4  
  81  16:10  Hydralisk x2  
  81  16:11  Hydralisk x5  
  95  16:25  Drone  
  96  16:27  Overlord x2  
  96  16:28  Overlord x3  
  96  16:55  Infestation Pit  
  95  17:10  Hydralisk x4  
  95  17:11  Hydralisk x12  
  127  17:17  Lurker x4  
  131  17:23  Overseer  
  131  17:25  Overseer  
  132  17:37  Drone x5  
  136  17:44  Overlord  
  136  17:45  Overlord x3  
  136  17:47  Extractor  
  135  17:56  Hive  
  114  18:27  Hydralisk  
  114  18:28  Hydralisk x2  
  120  18:55  Overlord x3  
  120  18:56  Overlord  
  120  19:02  Drone x8  
  128  19:03  Drone x2  
  76  20:00  Hydralisk  
  76  20:01  Hydralisk x8  
  94  20:54  Hatchery  
  93  21:00  Hatchery, Lurker  
  68  21:50  Extractor  
Show
View Real Time Build Order
Export as new Build Order

A.I. 1 (Hard) Protoss - Winner!

Build Orders:  

Get SALT Encoding   

  12  0:00  Unknown  
  12  0:01  Probe (Chrono Boost)  
  13  0:11  Probe (Chrono Boost)  
  14  0:20  Pylon  
  14  0:22  Probe (Chrono Boost)  
  15  0:38  Probe (Chrono Boost)  
  15  0:39  Gateway  
  16  0:49  Assimilator, Probe (Chrono Boost)  
  17  0:59  Probe (Chrono Boost)  
  17  1:01  Pylon  
  18  1:10  Probe (Chrono Boost)  
  19  1:24  Zealot, Probe (Chrono Boost)  
  20  1:29  Cybernetics Core  
  22  1:47  Gateway  
  22  1:48  Assimilator  
  22  2:03  Adept  
  22  2:05  Pylon  
  24  2:12  Warp Gate  
  24  2:29  Adept  
  24  2:33  Zealot  
  28  2:43  Pylon  
  28  2:54  Adept  
  30  2:58  Adept  
  32  3:10  Probe (Chrono Boost)  
  33  3:21  Adept  
  33  3:22  Probe (Chrono Boost)  
  33  3:24  Adept  
  33  3:26  Pylon  
  39  3:34  Probe (Chrono Boost)  
  39  3:40  Forge  
  39  3:46  Stalker, Probe (Chrono Boost)  
  40  3:51  Adept  
  44  3:58  Probe (Chrono Boost)  
  46  4:10  Probe (Chrono Boost)  
  46  4:21  Probe (Chrono Boost)  
  46  4:51  Protoss Ground Weapons Level 1  
  46  4:57  Sentry  
  46  4:59  Gateway  
  48  5:03  Robotics Facility  
  48  5:04  Nexus  
  48  5:05  Sentry  
  48  5:06  Pylon  
  50  5:19  Stalker  
  52  5:28  Stalker  
  52  5:32  Photon Cannon  
  54  5:43  Photon Cannon  
  54  5:49  Adept  
  52  5:51  Observer  
  51  5:58  Stalker  
  53  6:06  Stargate  
  53  6:10  Observer  
  53  6:15  Twilight Council  
  53  6:17  Probe (Chrono Boost)  
  55  6:20  Probe (Chrono Boost)  
  56  6:28  Probe (Chrono Boost)  
  56  6:31  Probe (Chrono Boost)  
  58  6:37  Pylon  
  58  6:38  Protoss Ground Armor Level 1  
  58  6:39  Probe (Chrono Boost)  
  57  6:42  Probe (Chrono Boost)  
  57  6:44  Zealot  
  56  6:50  Probe (Chrono Boost)  
  56  6:53  Zealot  
  56  6:54  Probe (Chrono Boost)  
  55  7:02  Adept, Probe (Chrono Boost)  
  55  7:06  Probe (Chrono Boost)  
  56  7:10  Adept  
  56  7:13  Probe (Chrono Boost)  
  59  7:18  Probe (Chrono Boost)  
  59  7:19  Adept  
  62  7:25  Probe (Chrono Boost)  
  62  7:27  Adept  
  62  7:29  Probe (Chrono Boost)  
  66  7:32  Pylon  
  66  7:36  Adept, Probe (Chrono Boost)  
  69  7:40  Forge  
  69  7:41  Probe (Chrono Boost)  
  70  7:47  Probe (Chrono Boost)  
  72  7:52  Probe (Chrono Boost)  
  72  7:53  Photon Cannon  
  73  7:58  Probe (Chrono Boost)  
  73  8:03  Probe (Chrono Boost)  
  74  8:09  Probe (Chrono Boost)  
  75  8:20  Assimilator  
  75  8:42  Probe (Chrono Boost)  
  75  8:43  Probe (Chrono Boost)  
  75  8:47  Warp Prism  
  79  8:57  Gateway  
  79  9:01  Templar Archives  
  79  9:05  Pylon  
  79  9:06  Nexus  
  79  9:19  Warp Prism  
  81  9:26  Pylon  
  81  9:39  High Templar  
  81  9:46  Stargate  
  81  9:50  Zealot  
  81  9:51  Robotics Facility  
  62  9:54  Observer  
  63  10:01  High Templar  
  65  10:11  Stalker  
  65  10:13  Observer  
  67  10:20  Probe (Chrono Boost)  
  70  10:21  Probe x2 (Chrono Boost)  
  70  10:22  Sentry  
  70  10:26  Assimilator  
  72  10:30  Pylon  
  72  10:31  Probe (Chrono Boost)  
  72  10:32  Pylon  
  72  10:33  High Templar, Assimilator, Observer, Archon, Probe x2 (Chrono Boost)  
  78  10:36  Warp Prism  
  78  10:37  Robotics Bay  
  78  10:42  Probe (Chrono Boost)  
  81  10:44  High Templar, Probe (Chrono Boost)  
  81  10:45  Probe (Chrono Boost)  
  85  10:53  Probe (Chrono Boost)  
  85  10:54  Photon Cannon  
  85  10:55  Photon Cannon, Probe (Chrono Boost)  
  87  11:19  Photon Cannon  
  87  11:21  Archon  
  87  11:22  High Templar  
  89  11:33  High Templar  
  89  11:36  Colossus  
  91  11:46  Fleet Beacon  
  97  11:55  High Templar, Archon  
  99  12:06  High Templar  
  101  12:17  Protoss Ground Weapons Level 2  
  101  12:25  Carrier  
  101  12:26  Archon  
  101  12:34  Adept  
  109  12:37  Adept  
  109  12:40  Zealot  
  109  12:43  Zealot, Void Ray  
  119  12:53  Adept  
  119  12:55  Pylon  
  119  12:56  Stalker  
  123  12:59  Adept  
  123  13:02  Stalker  
  109  13:06  Observer  
  109  13:12  Adept  
  104  13:18  Adept  
  106  13:20  Observer  
  106  13:21  Stalker  
  106  13:24  Stalker  
  111  13:29  Nexus  
  111  13:32  Adept  
  113  13:36  Sentry  
  113  13:40  Void Ray  
  115  13:43  Protoss Ground Armor Level 2  
  115  13:46  Zealot  
  121  13:49  Sentry  
  123  14:00  Adept  
  117  14:03  Zealot  
  117  14:06  Zealot  
  107  14:11  Adept  
  101  14:19  Stalker  
  101  14:22  Stalker  
  105  14:25  Adept  
  105  14:30  Stalker  
  109  14:41  Stalker  
  109  14:43  Adept  
  113  14:46  Sentry  
  113  14:48  Assimilator  
  113  14:51  Protoss Shields Level 1, Adept  
  117  14:53  Pylon  
  117  14:56  Pylon  
  117  14:59  Assimilator  
  117  15:17  Photon Cannon  
  117  15:19  Photon Cannon  
  117  15:25  Immortal  
  121  15:30  Observer Gravitic Boosters  
  121  15:47  Zealot  
  115  15:50  Zealot  
  115  15:52  Zealot  
  115  15:55  Stalker  
  83  16:06  Adept  
  83  16:09  Stalker  
  85  16:12  Adept  
  85  16:17  Adept  
  89  16:24  Gravitic Drive, Adept  
  91  16:26  Void Ray  
  91  16:31  Sentry  
  97  16:34  Adept, Protoss Air Weapons Level 1  
  97  16:36  Protoss Shields Level 2  
  97  16:37  Stalker  
  101  16:42  Stalker  
  103  16:52  Sentry  
  105  16:55  Stalker  
  105  16:58  Adept, Resonating Glaives  
  109  17:04  Adept  
  111  17:08  Protoss Ground Weapons Level 3  
  111  17:42  Nexus  
  111  18:06  Zealot  
  111  18:09  Zealot, Void Ray  
  94  18:15  Zealot  
  94  18:18  Adept  
  80  18:22  Protoss Air Armor Level 1  
  80  18:24  Adept  
  78  18:27  Observer  
  78  18:28  Zealot  
  74  18:34  Zealot  
  74  18:38  Zealot  
  74  18:40  Void Ray  
  74  18:41  Protoss Ground Armor Level 3  
  74  18:42  Photon Cannon  
  74  18:45  Adept, Photon Cannon  
  74  18:48  Pylon  
  79  18:49  Zealot  
  79  18:51  Void Ray  
  79  18:53  Pylon, Probe (Chrono Boost)  
  66  18:55  Probe (Chrono Boost)  
  66  18:56  Zealot  
  66  18:57  Probe (Chrono Boost)  
  66  18:59  Probe (Chrono Boost)  
  66  19:00  Adept  
  67  19:06  Stalker, Probe (Chrono Boost)  
  67  19:07  Probe (Chrono Boost)  
  67  19:09  Pylon, Stalker, Probe (Chrono Boost)  
  74  19:11  Probe (Chrono Boost)  
  74  19:13  Pylon  
  74  19:15  Observer, Assimilator  
  74  19:16  Stalker  
  79  19:17  Observer, Probe (Chrono Boost)  
  79  19:19  Probe x2 (Chrono Boost)  
  79  19:22  Zealot  
  79  19:23  Probe (Chrono Boost)  
  80  19:25  Void Ray  
  80  19:29  Zealot, Probe (Chrono Boost)  
  80  19:30  Probe (Chrono Boost)  
  79  19:31  Probe (Chrono Boost)  
  79  19:33  Stalker  
  79  19:34  Probe (Chrono Boost)  
  79  19:36  Immortal  
  71  19:40  Adept, Photon Cannon  
  71  19:41  Probe (Chrono Boost)  
  71  19:42  Probe (Chrono Boost)  
  71  19:44  Adept, Probe x2 (Chrono Boost)  
  72  19:47  Zealot  
  72  19:51  Observer, Nexus  
  72  19:53  Pylon, Zealot, Probe (Chrono Boost)  
  72  19:54  Probe (Chrono Boost)  
  72  19:55  Photon Cannon  
  72  19:56  Probe x2 (Chrono Boost)  
  72  19:57  Assimilator  
  72  19:59  Adept  
  78  20:03  Adept  
  78  20:04  Probe (Chrono Boost)  
  78  20:06  Probe (Chrono Boost)  
  83  20:07  Assimilator, Stalker  
  83  20:08  Probe (Chrono Boost)  
  83  20:09  Probe (Chrono Boost)  
  83  20:11  Stalker  
  83  20:12  Observer  
  89  20:15  Observer  
  89  20:16  Probe (Chrono Boost)  
  89  20:17  Probe (Chrono Boost)  
  89  20:18  Probe (Chrono Boost)  
  89  20:19  Zealot  
  95  20:22  Adept  
  97  20:28  Adept  
  97  20:32  Pylon  
  97  20:33  Stalker  
  101  20:38  Stalker  
  103  20:42  Adept  
  103  20:47  Adept  
  107  20:55  Sentry  
  109  20:59  Stalker  
  109  21:02  Sentry  
  113  21:06  Adept  
  115  21:13  Photon Cannon  
  115  21:27  Zealot  
  115  21:31  Zealot  
Tags
 
Composition
Lurkers
League
Silver
Matchup
PvZ
Replay Pack
Pack 1
Spawn Locations
Cross Positions
Add a new tag
Caveats
  • Supply blocks, unpowered buildings, or Contaminate may cause inaccurate times.
  • Supply counts are checked every 10 seconds.